 Dungeon Crawl Stone Soup version 0.21-a0-24-ga372141 (webtiles) character file.

11835 Chiseanne the Thaumaturge (level 11, -5/68 HPs)
             Began as a Mummy Wizard on May 25, 2017.
             Was an Initiate of Gozag.
             Splashed by an acid dragon's acid (7 damage)
             ... on level 11 of the Dungeon.
             The game lasted 00:43:11 (18426 turns).

Chiseanne the Thaumaturge (Mummy Wizard)           Turns: 18426, Time: 00:43:11

Health: -5/68      AC: 10    Str: 11    XL:     11   Next: 54%
Magic:  23/27      EV: 12    Int: 23    God:    Gozag
Gold:   1013       SH:  0    Dex: 18    Spells: 26/35 levels left

rFire    x . .     SeeInvis .   a - +4 flail of the Eight Wars {freeze, Dex+4}
rCold    + . .     Gourm    .   (no shield)
rNeg     + + +     Faith    .   u - +2 leather armour of the Wild Haggis {rN+ MR- Int+2}
rPois    ∞         Spirit   .   v - +2 hat
rElec    .         Reflect  .   y - +0 cloak
rCorr    .         Harm     .   o - +1 pair of gloves
MR       .....                  (no boots)
Stlth    ++........             (no amulet)
Regen    0.3/turn               k - ring of wizardry
MPRegen  0.2/turn               E - +4 ring of dexterity

@: no status effects
A: no food or potions, fire vulnerability, cold resistance 1, negative energy
resistance 3, torment resistance, unbreathing
a: Potion Petition, Call Merchant, Bribe Branch, Renounce Religion


You were on level 11 of the Dungeon.
You worshipped Gozag.
Gozag was most pleased with you.
You were not hungry.

You visited 2 branches of the dungeon, and saw 12 of its levels.
You also visited: Ossuary.

You collected 2279 gold pieces.
You spent 647 gold pieces at shops.
You paid 619 gold pieces to Gozag.

Inventory:

Hand Weapons
 a - the +4 flail of the Eight Wars (weapon) {freeze, Dex+4}
   (You bought it in a shop on level 8 of the Dungeon)

   It has been specially enchanted to freeze those struck by it, causing extra
   injury to most foes and up to half again as much damage against particularly
   susceptible opponents.
   It can also slow down cold-blooded creatures.
   It affects your dexterity (+4).
 e - a +1 longbow of freezing
 s - the +1 quarterstaff "Gebroen" {pain, rF+ Int+4 Dex-2}
   (You bought it in a shop on level 8 of the Dungeon)

   In the hands of one skilled in necromantic magic, it inflicts extra damage on
   living creatures.
   It affects your intelligence (+4).
   It affects your dexterity (-2).
   It protects you from fire.
 w - a +0 blowgun
Missiles
 c - 59 poisoned needles
 g - 322 stones (quivered)
 h - 323 arrows
 j - 15 tomahawks
 m - 120 sling bullets
 q - 97 bolts
Armour
 o - a +1 pair of gloves (worn)
 u - the +2 leather armour of the Wild Haggis (worn) {rN+ MR- Int+2}
   (You bought it in a shop on level 6 of the Dungeon)

   It affects your intelligence (+2).
   It protects you from negative energy.
   It affects your resistance to hostile enchantments.
 v - a +2 hat (worn)
 y - a +0 cloak (worn)
Magical Staves
 t - an uncursed staff of death
 z - an uncursed staff of energy
Jewellery
 k - a ring of wizardry (left hand)
 E - a +4 ring of dexterity (right hand)
Wands
 b - a wand of clouds (3/9)
 f - a wand of polymorph (12/24)
 p - a wand of iceblast (7/15)
 x - a wand of acid (6/15)
 A - a wand of iceblast (8/15)
 D - a wand of disintegration (14/24)
 F - a wand of lightning (9/15)
 G - a wand of polymorph (14/24)
Scrolls
 d - 3 scrolls of enchant armour
 i - 9 scrolls of identify
 l - 7 scrolls of teleportation
 n - 3 scrolls of remove curse
 r - a scroll of fog
 B - 2 scrolls of fear
 C - a scroll of immolation


   Skills:
 - Level 1.5 Dodging
 - Level 1.5 Stealth
 - Level 12.7 Spellcasting
 * Level 12.3 Conjurations
   Level 0.7 Summonings
 - Level 2.6 Translocations


You had 26 spell levels left.
You knew the following spells:

 Your Spells              Type           Power        Failure   Level  Hunger
a - Magic Dart            Conj           ####         1%          1    N/A
b - Blink                 Tloc           N/A          1%          2    N/A
c - Conjure Flame         Conj/Fire      #####...     1%          3    N/A
d - Mephitic Cloud        Conj/Pois/Air  ####....     1%          3    N/A

Dungeon Overview and Level Annotations

Branches:
Dungeon (11/15)            Temple (1/1) D:7            Lair (0/6) D:8
    Orc: D:9-12

Altars:
Ashenzari
Cheibriados
Dithmenos
Elyvilon
Fedhas
Gozag
Hepliaklqana
Kikubaaqudgha
Makhleb
Nemelex Xobeh
Okawaru
Qazlal
Ru
Sif Muna
Trog
Uskayaw
Vehumet
Wu Jian
Xom
Yredelemnul
Zin
The Shining One

Shops:
D:6 [   D:8 (


Innate Abilities, Weirdness & Mutations

You do not eat or drink.
Your flesh is vulnerable to fire.
You are immune to poison.
Your flesh is cold resistant. (rC+)
You are immune to negative energy. (rN+++)
You are immune to unholy pain and torment.
You can survive without breathing.


Message History

The acid dragon spits acid at you. The splash of acid hits you!
You are splashed with acid!
The acid burns!
Casting: Magic Dart
Confirm with . or Enter, or press ? or * to list all spells.
Aiming: Mephitic Cloud
Press: ? - help, Shift-Dir - straight line, f - you, p - acid dragon The ball explodes into a vile cloud!
The stinking cloud engulfs you! The acid dragon spits acid at you.
The splash of acid hits you!
You are splashed with acid!
The acid burns!
* * * LOW HITPOINT WARNING * * *
There is an open door here.
You close the door.
You open the door.
There is an open door here.
The acid dragon spits acid at you. The splash of acid hits you!
* * * LOW HITPOINT WARNING * * *
You are splashed with acid!
The acid burns!
You die...
Your body crumbles into a pile of gold.

#################.......
#.......................
######'#############(...##...
#.............#...))D...'...
#...........#.#.####....#.##
#...........#D#.# #........
#...........#.#D# #......##.
#.........))#'#.# #......#
######'#'###@...# #......#
#.#># #....####......# #.#.#
#.......'......# #.#.#
#....####......# #.#.# ######
#......# #.#.. #........
#.### #........ #.# .....##..
#.# #####. ..


You could see an acid dragon.

Vanquished Creatures
  A two-headed ogre (D:10)
  Pikel (D:8)
  An elephant (D:8)
  Maurice (D:8)
  Psyche (D:8)
  A troll (D:11)
  A hornet (D:10)
  3 hippogriffs
  2 hogs (D:11)
  A human (D:11)
  3 hungry ghosts
  9 yaks
  A basilisk (D:8)
  A slave (D:8)
  5 sky beasts
  5 orc warriors
  4 phantoms
  2 necrophages (D:6)
  7 ogres
  2 ice beasts (D:11)
  13 centaurs
  2 crocodiles (D:8)
  2 big kobolds (D:8)
  3 bullfrogs
  3 water moccasin zombies
  A scorpion (D:5)
  9 crimson imps
  4 centaur zombies
  6 howler monkeys
  4 jellies
  2 quasits (D:10)
  3 bullfrog zombies (D:10)
  5 hounds
  4 orc priests
  9 orc wizards
  3 centaur skeletons
  8 worker ants
  5 big kobold zombies (Ossuary)
  3 mummies
  2 worker ant zombies
  2 gnolls (D:2)
  A howler monkey skeleton (D:10)
  11 adders
  3 shadow imps
  3 oozes
  6 adder zombies
  2 adder skeletons
  3 worms
  10 leopard geckos
  34 orcs
  2 ball pythons
  4 giant cockroaches
  A gnoll zombie (Ossuary)
  10 goblins
  4 hobgoblins
  4 jackals (D:3)
  10 kobolds
  7 quokkas
  A ball python skeleton (D:4)
  10 bats
  6 frilled lizards
  3 hobgoblin zombies (Ossuary)
  3 kobold zombies (Ossuary)
  2 leopard gecko skeletons (D:4)
  2 orc zombies (Ossuary)
  2 quokka skeletons
  10 rats
299 creatures vanquished.

Vanquished Creatures (others)
  A hound zombie (D:8)
  4 kobolds (D:8)
  A kobold zombie (Ossuary)
6 creatures vanquished.

Grand Total: 305 creatures vanquished

Notes
Turn   | Place    | Note
-------+----------+-------------------------------------------
     0 | D:1      | Chiseanne the Mummy Wizard began the quest for the Orb.
     0 | D:1      | Reached XP level 1. HP: 13/13 MP: 5/5
   111 | D:1      | Reached skill level 1 in Conjurations
   269 | D:1      | Reached XP level 2. HP: 19/19 MP: 4/7
   296 | D:1      | Learned a level 2 spell: Blink
   576 | D:1      | Reached skill level 1 in Translocations
  1337 | D:2      | Reached XP level 3. HP: 21/24 MP: 5/9
  1376 | D:2      | Learned a level 3 spell: Mephitic Cloud
  1380 | D:2      | Learned a level 3 spell: Conjure Flame
  1538 | D:2      | Found a stormy altar of Qazlal.
  1695 | D:2      | Found an iron altar of Okawaru.
  2174 | D:2      | Reached skill level 5 in Spellcasting
  2174 | D:2      | Reached XP level 4. HP: 30/30 MP: 3/11
  3639 | D:3      | Found a shadowy altar of Dithmenos.
  3711 | D:3      | Reached XP level 5. HP: 35/35 MP: 6/12
  3865 | D:4      | Found a white marble altar of Elyvilon.
  3868 | D:4      | Found a hide-covered altar of Uskayaw.
  3898 | D:4      | Noticed an ogre
  4287 | D:4      | Killed an ogre
  4705 | D:4      | Reached XP level 6. HP: 41/41 MP: 4/15
  5612 | D:4      | Found a large runed door.
  5612 | D:4      | Found a large runed door.
  5632 | D:4      | Reached XP level 7. HP: 38/46 MP: 10/17
  5721 | D:4      | Found a large runed door.
  5721 | D:4      | Found a large runed door.
  6023 | D:5      | Entered Level 5 of the Dungeon
  6206 | D:5      | Found a burning altar of Makhleb.
  6385 | D:5      | Found a shattered altar of Ashenzari.
  6472 | D:5      | Found an opulent altar of Gozag.
  6480 | D:5      | Became a worshipper of Gozag Ym Sagoz the Greedy
  6814 | D:5      | Reached XP level 8. HP: 49/52 MP: 7/20
  6820 | D:5      | Reached skill level 5 in Conjurations
  7229 | D:5      | Found a burning altar of Makhleb.
  7405 | D:5      | You fall through a shaft for 2 floors!
  7861 | D:6      | Found a sand-covered staircase.
  7881 | Ossuary  | Entered an ossuary
  8494 | Ossuary  | Reached skill level 10 in Spellcasting
  9021 | D:6      | Found Pucuag's Antique Armour Boutique.
  9040 | D:6      | Bought a bronze leather armour for 140 gold pieces
  9040 | D:6      | Bought an embroidered hat for 140 gold pieces
  9042 | D:6      | Identified the +2 leather armour of the Wild Haggis {rN+ MR- Int+2} (You bought it in a shop on level 6 of the Dungeon)
  9565 | D:6      | Found a sacrificial altar of Ru.
  9828 | D:6      | Reached XP level 9. HP: 35/57 MP: 23/23
 10287 | D:7      | Found a sparkling altar of Nemelex Xobeh.
 10904 | D:7      | Found a staircase to the Ecumenical Temple.
 11067 | Temple   | Entered the Ecumenical Temple
 12380 | D:8      | Noticed an elephant
 12533 | D:8      | Killed an elephant
 12533 | D:8      | Reached XP level 10. HP: 42/63 MP: 2/26
 12711 | D:8      | Noticed Maurice
 12726 | D:8      | Killed Maurice
 12792 | D:8      | Found a staircase to the Lair.
 12894 | D:8      | Noticed Psyche
 12934 | D:8      | Killed Psyche
 13045 | D:8      | Noticed Pikel
 13080 | D:8      | Killed Pikel
 13584 | D:8      | Bought a translucent flail for 178 gold pieces
 13585 | D:8      | Identified the +4 flail of the Eight Wars {freeze, Dex+4} (You bought it in a shop on level 8 of the Dungeon)
 13589 | D:8      | Bought an encrusted quarterstaff for 189 gold pieces
 13590 | D:8      | Identified the +1 quarterstaff "Gebroen" {pain, rF+ Int+4 Dex-2} (You bought it in a shop on level 8 of the Dungeon)
 14630 | D:10     | Entered Level 10 of the Dungeon
 14701 | D:10     | Reached skill level 10 in Conjurations
 15390 | D:10     | Noticed a two-headed ogre
 15443 | D:10     | Killed a two-headed ogre
 15932 | D:10     | Reached XP level 11. HP: 65/68 MP: 21/27
 17057 | D:11     | Found a glowing golden altar of the Shining One.
 18426 | D:11     | HP: 2/68 [acid dragon/splash of acid (11)]
 18426 | D:11     | Splashed by an acid dragon's acid

Vault maps used:
D:1:      shiori_shiawase
D:2:      nicolae_qazlal_general_emergency, overflow_temple_1_default
D:3:      grunt_dithmenos_smoke
D:4:      grunt_temple_overflow_open, first_bread, minmay_hollow_rounded_squares
D:5:      makhleb_blood_cavern_becter, minitemple, basic_altar
D:6:      serial_shops, shop, gup_ossuary_entry_pyramid, serial_bayou_pond_a,
          nicolae_ru_path_of_blood
D:7:      nemelex_xobeh_ov_fountains_minmay, minmay_temple_entry_mist
D:8:      david_lair_generic, uniq_maurice, uniq_psyche, uniq_pikel
D:11:     grunt_livestock, tso_altar, uniq_erolcha
Temple:   oiseaux_autumnal_temple
Ossuary:  ossuary_tomb_2

Skill      XL: |  1  2  3  4  5  6  7  8  9 10 11 |
---------------+----------------------------------+-----
Conjurations   | 1 2 3 4 6 8 10 12 | 12.3
Translocations | 1 2 |  2.6
Spellcasting   | 5 6 7 8 10 12 | 12.7
Dodging        | |  1.5
Stealth        | |  1.5
Summonings     | |  0.7

Action                   |  1- 3 |  4- 6 |  7- 9 | 10-12 || total
-------------------------+-------+-------+-------+-------++-------
Melee: Short sword       |     2 |    14 |       |       ||    16
       Rapier            |       |     5 |       |       ||     5
       Hand axe          |       |       |   125 |     3 ||   128
       Flail             |       |       |       |    80 ||    80
       Quarterstaff      |       |       |       |     1 ||     1
 Fire: Longbow           |       |       |     6 |    39 ||    45
       Blowgun           |       |       |    19 |    37 ||    56
 Cast: Magic Dart        |    85 |   196 |   424 |   458 ||  1163
       Mephitic Cloud    |       |     5 |    27 |    49 ||    81
       Blink             |       |     1 |    12 |     7 ||    20
       Conjure Flame     |       |       |     8 |    22 ||    30
Invok: Call Merchant     |       |       |       |     1 ||     1
  Use: Scroll            |       |     5 |    10 |     3 ||    18
 Stab: Confused          |       |     2 |     2 |     7 ||    11
       Distracted        |       |       |     1 |       ||     1
       Sleeping          |       |       |     1 |       ||     1
Armor: Robe              |     2 |    15 |    44 |       ||    61
       Leather armour    |       |       |    47 |   129 ||   176
Dodge: Dodged            |    14 |    29 |   161 |   157 ||   361
